 Dungeon Crawl Stone Soup version 0.25.0-37-gb73750e0fb (webtiles) character file.

Game seed: 17686386330198729910

17650 Ethylacetat the Spear-Bearer (level 12, -17/130 HPs)
             Began as an Octopode Gladiator on July 9, 2020.
             Was a High Priest of Okawaru.
             Shot with a bolt by a yaktaur captain (30 damage)
             ... on level 12 of the Dungeon.
             The game lasted 00:34:04 (13254 turns).

Ethylacetat the Spear-Bearer (Octopode Gladiator)  Turns: 13254, Time: 00:34:04

Health: -17/130    AC: 30    Str: 18      XL:     12   Next: 50%
Magic:  4/18       EV:  2    Int: 11      God:    Okawaru [*****.]
Gold:   53         SH:  7    Dex: 11 (13) Spells: 11/11 levels left

rFire    + . .     SeeInvis .   A - +4 spear
rCold    + . .     Gourm    .   w - +2 buckler
rNeg     + + +     Faith    .   (helmet currently unavailable)
rPois    +         Spirit   .   s - amulet of regeneration
rElec    .         Reflect  .   k - ring of positive energy
rCorr    .         Harm     .   g - ring of protection from fire
MR       .....     NoTele   +   m - +4 ring of protection
Stlth    +++.......             n - +4 ring of evasion
HPRegen  0.71/turn              a - ring of protection from cold
MPRegen  0.16/turn              (no ring)
                                (no ring)
                                (no ring)

@: tree-form
A: almost no armour, stealthy swim, (amphibious), 8 rings, (constrict 8),
deterioration 1, mutation resistance 1
a: Heroism, Finesse, Renounce Religion


You were on level 12 of the Dungeon.
You worshipped Okawaru.
Okawaru was extremely pleased with you.
You were not hungry.
You were a tree.
You visited 2 branches of the dungeon, and saw 13 of its levels.

You collected 644 gold pieces.
You spent 591 gold pieces at shops.

Inventory:

Hand Weapons
 A - a +4 spear (weapon)
Missiles
 c - 7 throwing nets (quivered)
Armour
 w - a +2 buckler (worn)
 G - the +2 hat of the Bear Spirit (melded) {Spirit, +Rage rN+ MR++}
   (You bought it in a shop on level 8 of the Dungeon)

   It protects you from negative energy.
   It affects your resistance to hostile enchantments.
   It lets you go berserk.
 I - a +2 kite shield of protection
Jewellery
 a - a ring of protection from cold (on tentacle)
 g - a ring of protection from fire (right branch)
 k - a ring of positive energy (left branch)
 m - a +4 ring of protection (on tentacle)
 n - a +4 ring of evasion (on tentacle)
 s - an amulet of regeneration (around neck)
Wands
 h - a wand of flame (17)
 u - a wand of enslavement (30)
 B - a wand of iceblast (7)
 K - a wand of polymorph (4)
Scrolls
 e - 3 scrolls of remove curse
 f - 3 scrolls of magic mapping
 l - 3 scrolls of enchant armour
 q - 7 scrolls of teleportation
 r - 4 scrolls of immolation
 v - 4 scrolls of amnesia
 x - a scroll of fear
 C - 5 scrolls of fog
 J - a scroll of silence
 L - a scroll of enchant weapon
 N - a scroll of holy word
Potions
 j - 4 potions of haste
 o - 5 potions of cancellation
 p - 5 potions of heal wounds
 t - 5 potions of curing
 z - 4 potions of might
 D - a potion of stabbing {unknown}
 E - a potion of flight {unknown}
 F - 2 potions of brilliance {unknown}
 H - a potion of lignification
Comestibles
 b - 4 chunks of flesh
 d - 24 rations


   Skills:
 + Level 10.0 Fighting
 * Level 13.5 Polearms
 - Level 2.0 Throwing
 - Level 3.0 Dodging
 + Level 5.1 Stealth
 + Level 6.8 Shields
 + Level 8.0 Invocations
 + Level 3.8 Evocations


You had 11 spell levels left.
You didn't know any spells.
Your spell library contained the following spells:

 Spells                   Type           Power        Failure   Level  Hunger
 Animate Skeleton         Necr           N/A          34%         1    ##.....
 Apportation              Tloc           #.....       34%         1    ##.....
 Corona                   Hex            #......      34%         1    ##.....
 Summon Small Mammal      Summ           #...         34%         1    ##.....


Dungeon Overview and Level Annotations

Branches:
Dungeon (12/15)            Temple (1/1) D:7            Lair (0/6) D:9
    Orc (0/2) D:11

Altars:
Ashenzari
Cheibriados
Dithmenos
Elyvilon
Fedhas
Gozag
Hepliaklqana
Kikubaaqudgha
Makhleb
Nemelex Xobeh
Okawaru
Qazlal
Ru
Sif Muna
Trog
Uskayaw
Vehumet
Wu Jian
Xom
Yredelemnul
Zin
The Shining One

Shops:
D:4 (   D:7 *   D:8 [   D:12 *

Portals:
Trove: D:12 (give 13 potions of heal wounds)


Innate Abilities, Weirdness & Mutations

You cannot wear most types of armour.
You are very stealthy in the water. (Stealth+)
((You are amphibious.))
You can wear up to eight rings at the same time.
((You can use your tentacles to constrict eight enemies at once.))
((Your skin changes colour to match your surroundings (Stealth+).))
((Your rubbery body absorbs attacks. (AC +1, EV +1)))
Your body sometimes deteriorates upon taking damage.
You are somewhat resistant to further mutation.


Message History

* * * LOW HITPOINT WARNING * * *
The manticore claws you but does no damage. x2
The yaktaur captain shoots a bolt.
You block the bolt.
You hit the manticore.
The manticore is almost dead.
You puncture the manticore!
You kill the manticore!
Okawaru accepts your kill.
Your Fighting skill increases to level 10!
You carefully extract the barbed spikes from your body.
The yaktaur captain shoots a bolt.
The bolt hits you.
* * * LOW HITPOINT WARNING * * *
You hear a screech!
You hear a deafening roar!
The yaktaur captain shoots a bolt.
The bolt hits you.
* * * LOW HITPOINT WARNING * * *
A hippogriff comes into view.
The yaktaur captain shoots a bolt.
The bolt completely misses you.
The yaktaur captain shoots a bolt.
The bolt hits you!!
You die...

##.....## ##..)##.##)..
# ##...#...##
##...###.#.... .#
##.÷.###...## ##..)##
#...... ..###..D##
##...###...## #......
...#...## ##...#...##
#...... #.#...##
##.).#.## #......
##...## ##.(.## #...##.
#.....## ### ##.....##
#.#....
...#...###.###..♣#(..##
#.#.###
..###...#...#...###...##
#...### .# ##.........##
##(..## #.###.. #
##......)## ##...###.#
#.# ##......H..##
##...#### #..
#.......c...# ##..# ###
##.......†.## #.).#
##.......## #...##
##.........# #...## #


You could see a yaktaur captain and a hippogriff.

Vanquished Creatures
  2 hydras (D:12)
  4 two-headed ogres
  3 unseen horrors
  A flayed ghost (D:12)
  A deep elf mage (D:12)
  2 cyclopes (D:11)
  A manticore (D:12)
  3 centaur zombies (D:12)
  Joseph (D:7)
  2 gargoyles
  2 hippogriffs
  A shadow (D:12)
  A spriggan (D:9)
  A human (D:11)
  A wraith (D:12)
  9 yaks
  2 hungry ghosts
  A warg (D:11)
  An acid dragon (D:12)
  A soldier ant (D:12)
  Duvessa (D:7)
  2 water moccasins
  5 orc warriors
  4 sky beasts
  2 ice beasts
  2 eyes of draining
  A phantom (D:7)
  7 ogres
  A necrophage (D:12)
  3 centaurs
  A crocodile (D:12)
  3 big kobolds
  8 bullfrogs
  Dowan (D:7)
  A wyvern skeleton (D:12)
  A scorpion (D:9)
  3 killer bees (D:6)
  2 jellies (D:10)
  4 wights (D:6)
  2 howler monkeys
  4 crimson imps
  4 bullfrog zombies
  4 hounds
  14 orc wizards
  9 orc priests
  4 bullfrog skeletons
  A centaur skeleton (D:12)
  Natasha (thrice) (D:2)
  5 iguanas
  7 worker ants
  A hound skeleton (D:7)
  A howler monkey zombie (D:6)
  17 adders
  2 shadow imps (D:6)
  2 oozes
  An adder zombie (D:7)
  3 adder skeletons
  4 worms
  3 dart slugs
  3 leopard geckos
  40 orcs
  2 ball pythons (D:3)
  10 giant cockroaches
  6 hobgoblins
  2 jackals (D:7)
  22 kobolds
  4 quokkas
  13 bats
  3 frilled lizards
  A giant cockroach zombie (D:5)
  11 goblins
  4 rats
304 creatures vanquished.

Vanquished Creatures (others)
  A killer bee (D:12)
1 creature vanquished.

Grand Total: 305 creatures vanquished

Notes
Turn   | Place    | Note
-------+----------+-------------------------------------------
     0 | D:1      | Ethylacetat the Octopode Gladiator began the quest for the
                  | Orb.
     0 | D:1      | Reached XP level 1. HP: 14/14 MP: 1/1
   223 | D:1      | Reached XP level 2. HP: 12/19 MP: 2/2
   611 | D:1      | Reached XP level 3. HP: 19/25 MP: 3/3
  1004 | D:1      | Reached skill level 4 in Polearms
  1489 | D:2      | Noticed Natasha
  1498 | D:2      | Killed Natasha
  1498 | D:2      | Reached XP level 4. HP: 11/30 MP: 4/4
  1667 | D:2      | Noticed Natasha
  1674 | D:2      | Killed Natasha
  1946 | D:2      | Noticed Natasha
  1955 | D:2      | Killed Natasha
  1955 | D:2      | Reached XP level 5. HP: 31/36 MP: 5/5
  2067 | D:2      | Reached skill level 5 in Polearms
  3067 | D:3      | Found a burning altar of Makhleb.
  3431 | D:3      | Found a glowing golden altar of the Shining One.
  3552 | D:3      | Found a blossoming altar of Fedhas.
  3753 | D:4      | Reached XP level 6. HP: 39/43 MP: 6/6
  3811 | D:4      | Reached skill level 6 in Polearms
  4007 | D:4      | Found a bloodstained altar of Trog.
  4007 | D:4      | Found a sacrificial altar of Ru.
  4007 | D:4      | Found a shattered altar of Ashenzari.
  4373 | D:4      | Found Qaupotwi's Weapon Shoppe.
  4483 | D:4      | Found a shadowy altar of Dithmenos.
  4539 | D:5      | Entered Level 5 of the Dungeon
  4562 | D:5      | Reached skill level 1 in Shields
  4562 | D:5      | Reached XP level 7. HP: 35/49 MP: 7/7
  4804 | D:5      | Reached skill level 7 in Polearms
  4953 | D:5      | Found a blossoming altar of Fedhas.
  5158 | D:5      | Reached skill level 5 in Fighting
  5252 | D:6      | Found a hazy altar of Hepliaklqana.
  5263 | D:6      | Reached XP level 8. HP: 55/55 MP: 8/8
  5404 | D:6      | Reached skill level 8 in Polearms
  5483 | D:6      | Found a stormy altar of Qazlal.
  5895 | D:7      | Reached skill level 9 in Polearms
  5895 | D:7      | Reached XP level 9. HP: 62/62 MP: 9/9
  5958 | D:7      | Found a staircase to the Ecumenical Temple.
  6001 | Temple   | Entered the Ecumenical Temple
  6184 | Temple   | Became a worshipper of Warmaster Okawaru
  6424 | D:7      | Reached skill level 1 in Invocations
  6432 | D:7      | Noticed Joseph
  6447 | D:7      | Killed Joseph
  6447 | D:7      | Reached * piety under Okawaru
  6513 | D:7      | Reached skill level 10 in Polearms
  6684 | D:7      | Noticed Duvessa
  6697 | D:7      | Killed Duvessa
  6698 | D:7      | Noticed Dowan
  6753 | D:7      | Killed Dowan
  6808 | D:7      | Found a glowing silver altar of Zin.
  6845 | D:7      | Reached ** piety under Okawaru
  6849 | D:7      | Reached XP level 10. HP: 46/71 MP: 12/12
  7070 | D:7      | Found Tuwa's General Store.
  7075 | D:7      | Bought a scroll of teleportation for 33 gold pieces
  7075 | D:7      | Bought a potion of degeneration for 11 gold pieces
  7205 | D:8      | Found a hide-covered altar of Uskayaw.
  7432 | D:8      | Found Qunoffu's Armour Shop.
  7525 | D:8      | Reached skill level 11 in Polearms
  7933 | D:9      | Reached *** piety under Okawaru
  8032 | D:8      | Reached skill level 5 in Invocations
  8229 | D:9      | Found a staircase to the Lair.
  8617 | D:10     | Entered Level 10 of the Dungeon
  8856 | D:10     | Reached **** piety under Okawaru
  9067 | D:10     | Killed an unseen horror
  9067 | D:10     | Reached skill level 12 in Polearms
  9217 | D:10     | You fall into a shaft and drop 1 floor!
  9280 | D:11     | Noticed a cyclops
  9299 | D:11     | Killed a cyclops
  9299 | D:11     | Reached XP level 11. HP: 33/78 MP: 15/15
  9404 | D:11     | Noticed a cyclops
  9466 | D:11     | Reached skill level 5 in Shields
  9676 | D:11     | Found a staircase to the Orcish Mines.
  9708 | D:11     | Reached ***** piety under Okawaru
  9870 | D:11     | Killed a cyclops
 10377 | D:10     | Noticed a two-headed ogre
 10384 | D:10     | Killed a two-headed ogre
 10921 | D:8      | Bought the +2 hat of the Bear Spirit {Spirit, +Rage rN+
                  | MR++} for 547 gold pieces
 10921 | D:8      | Found the +2 hat of the Bear Spirit {Spirit, +Rage rN+
                  | MR++}
 11202 | D:11     | Killed an unseen horror
 11202 | D:11     | Reached skill level 1 in Stealth
 11627 | D:12     | Found Zuugob's Mayhem Merchandise.
 11637 | D:12     | Received a gift from Okawaru
 11637 | D:12     | Reached skill level 1 in Evocations
 11813 | D:12     | Found a portal to a secret trove of treasure.
 11958 | D:12     | Gained mutation: You are somewhat resistant to further
                  | mutation. [potion of mutation]
 11958 | D:12     | Gained mutation: Your body sometimes deteriorates upon
                  | taking damage. [potion of mutation]
 12417 | D:12     | Killed an unseen horror
 12417 | D:12     | Reached skill level 13 in Polearms
 12520 | D:12     | Noticed a deep elf mage
 12537 | D:12     | Noticed an eight-headed hydra
 12538 | D:12     | Killed a deep elf mage
 12577 | D:12     | Killed an eight-headed hydra
 12577 | D:12     | Reached XP level 12. HP: 33/86 MP: 7/17
 12640 | D:12     | Noticed a two-headed ogre
 12659 | D:12     | Killed a two-headed ogre
 12717 | D:12     | Noticed a two-headed ogre
 12732 | D:12     | Killed a two-headed ogre
 12827 | D:12     | Noticed a seven-headed hydra
 12877 | D:12     | Killed a seven-headed hydra
 12995 | D:12     | Noticed a two-headed ogre
 13009 | D:12     | Killed a two-headed ogre
 13046 | D:12     | Reached skill level 5 in Stealth
 13092 | D:12     | Noticed a yaktaur captain
 13128 | D:12     | Received a gift from Okawaru
 13249 | D:12     | Reached skill level 10 in Fighting
 13254 | D:12     | Shot with a bolt by a yaktaur captain

Illustrated notes

Levels and vault maps discovered:
D:1:      dpeg_arrival_signposts, layout_basic
D:2:      layout_basic, serial_bayou_lagoon_a, grunt_ministairs_7,
          minmay_misc_feat_alley, uniq_natasha
D:3:      layout_rooms, lemuel_doored_altar, fedhas_altar_4,
          nicolae_overflow_hidden_temple, supply_closet_lemuel,
          kennysheep_generic_room_6
D:4:      minmay_skewed_foursquare, layout_loops_ring,
          gammafunk_temple_overflow_claw, serial_shops, nicolae_shop_crystal,
          nicolae_dithmenos_through_a_glass_darkly
D:5:      layout_loops_ring, first_ration, basic_altar
D:6:      layout_rooms, lemuel_crystal_altar, overflow_temple_1_default,
          minivault_22
D:7:      layout_basic, lemuel_crystal_altar, minmay_temple_entry_glass,
          serial_shops, shop, uniq_duvessa, uniq_joseph
D:8:      layout_loops_ring, old_standard_altar, serial_shops,
          nicolae_shop_crystal
D:9:      layout_rooms, lair_entry_dummy, the_bakery, eino_curves_03,
          chequers_serial_rivers_marsh
D:10:     layout_loops_corners
D:11:     layout_stronghold, erik_orc_4
D:12:     evilmike_diamond_1, layout_basic, enter_trove_0, minmay_shop_mayhem
Temple:   minmay_temple_forest_path

Skill      XL: |  1  2  3  4  5  6  7  8  9 10 11 12 |
---------------+-------------------------------------+-----
Polearms       | 4 5 6 7 9 10 12 13 | 13.5
Fighting       | 3 4 5 6 7 8 9 10 | 10.0
Shields        | 1 2 4 6 |  6.8
Invocations    | 3 6 7 8 |  8.0
Stealth        | 3 5 |  5.1
Evocations     | 2 3 |  3.8
Throwing       | |  2.0
Dodging        | |  3.0

Action                   |  1- 3 |  4- 6 |  7- 9 | 10-12 || total
-------------------------+-------+-------+-------+-------++-------
Melee: Trident           |    81 |   125 |   159 |       ||   365
       Constrict         |    18 |    23 |    49 |    70 ||   160
       Tentacles         |    11 |    14 |    69 |   163 ||   257
       Spear             |       |       |   160 |   766 ||   926
Throw: Throwing net      |       |       |       |     1 ||     1
Invok: Heroism           |       |       |       |     1 ||     1
  Use: Scroll            |       |       |     4 |    17 ||    21
       Potion            |       |       |       |     2 ||     2
 Stab: Sleeping          |     5 |    14 |     7 |    20 ||    46
       Distracted        |       |       |     1 |     5 ||     6
       Held in net/web   |       |       |       |     2 ||     2
  Eat: Chunk             |     1 |    10 |     8 |    19 ||    38
       Ration            |       |       |       |     1 ||     1
Armor: Skin              |    10 |    10 |    22 |    58 ||   100
Dodge: Dodged            |    45 |    41 |   138 |   204 ||   428
Block: Buckler           |       |       |    78 |   124 ||   202
